 Dungeon Crawl Stone Soup version 0.31-a0-986-g5e6e4ef867 (webtiles) character file.

Game seed: 3746068568977283564

20001 Aldia the Thaumaturge (level 12, -7/73 HPs)
             Began as a Deep Elf Conjurer on Nov 19, 2023.
             Was an Elder of Ashenzari.
             Mangled by a six-headed hydra (14 damage)
             ... on level 2 of the Lair of Beasts on Nov 21, 2023.
             The game lasted 00:48:29 (16369 turns).

Aldia the Thaumaturge (Deep Elf Conjurer)          Turns: 16369, Time: 00:48:30

Health: -7/73      AC:  8    Str:  4    XL:     12   Next: 41%
Magic:  3/29       EV: 21    Int: 34    God:    Ashenzari [****..]
Gold:   621        SH:  0    Dex: 13    Spells: 7/34 levels left

rFire   . . .        t - +2 dagger of the Bound Adversity {elec, Comp, Range} (curse)
rCold   . . .        (no shield)
rNeg    . . .        o - +0 leather armour of the Enigmatic Seer {Int+5, Elem, Fort} (curse)
rPois   .            J - +2 helmet of the Astral Seer {Fort, Dev} (curse)
rElec   .            (no cloak)
rCorr   .            j - +0 pair of gloves of Ashenzari's Augurer {Elem, Comp} (curse)
SInv    +            A - +0 pair of boots "Behold Eternity" {Comp, Alch} (curse)
Will    +....        (no amulet)
Stlth   +++          c - ring of Ashenzari's Stars {EV+5, Comp, Bglg} (curse)
HPRegen 0.32/turn    q - ring of the Chained Planets {Wiz, Elem, Cun} (curse)
MPRegen 0.21/turn

%: clarity, wizardry (x1)
@: lethally poisoned (-7 -> -19)
A: no striking features
a: Renounce Religion, Curse Item, Shatter the Chains


You were on level 2 of the Lair of Beasts.
You worshipped Ashenzari.
Ashenzari was greatly pleased with you.
You visited 3 branches of the dungeon, and saw 13 of its levels.

You collected 621 gold pieces.

Inventory:

Hand Weapons
 t - the cursed +2 dagger of the Bound Adversity (weapon) {elec, Comp, Range}
   (You took it off a kobold on level 3 of the Dungeon)

   It has a curse which improves the following skills: Companions: Summonings
   and Necromancy.
   Ranged Combat: Ranged Weapons and Throwing.
 v - a +4 spear of venom
Missiles
 I - 2 throwing nets
Armour
 j - the cursed +0 pair of gloves of Ashenzari's Augurer (worn) {Elem, Comp}
   (You found it on level 5 of the Dungeon)

   It has a curse which improves the following skills: Elements: Fire Magic, Ice
   Magic, Air Magic and Earth Magic.
   Companions: Summonings and Necromancy.
 o - the cursed +0 leather armour of the Enigmatic Seer (worn) {Int+5, Elem, Fort}
   (You found it on level 2 of the Dungeon)

   Int+5:     It affects your intelligence (+5).
   It has a curse which improves the following skills: Elements: Fire Magic, Ice
   Magic, Air Magic and Earth Magic.
   Fortitude: Armour and Shields.
 A - the cursed +0 pair of boots "Behold Eternity" (worn) {Comp, Alch}
   (You found it on level 8 of the Dungeon)

   It has a curse which improves the following skills: Companions: Summonings
   and Necromancy.
   Alchemy:   Poison Magic and Transmutations.
 C - +0 steam dragon scales
 D - an orb of mayhem
 F - a +2 robe
 J - the cursed +2 helmet of the Astral Seer (worn) {Fort, Dev}
   (You found it on level 10 of the Dungeon)

   It has a curse which improves the following skills: Fortitude: Armour and
   Shields.
   Devices:   Evocations and Shapeshifting.
Magical Staves
 g - a staff of poison
Jewellery
 c - the cursed ring of Ashenzari's Stars (left hand) {EV+5, Comp, Bglg}
   (You found it on level 4 of the Dungeon)

   [ring of evasion]

   EV+5:      It affects your evasion (+5).
   It has a curse which improves the following skills: Companions: Summonings
   and Necromancy.
   Beguiling: Conjurations, Hexes and Translocations.
 h - a +6 ring of dexterity
 n - a ring of protection from cold
 q - the cursed ring of the Chained Planets (right hand) {Wiz, Elem, Cun}
   (You found it on level 2 of the Dungeon)

   [ring of wizardry]

   Wiz:       It improves your spell success rate.
   It has a curse which improves the following skills: Elements: Fire Magic, Ice
   Magic, Air Magic and Earth Magic.
   Cunning:   Dodging and Stealth.
 H - a ring of resist corrosion
Wands
 u - a wand of charming (4)
 y - a wand of digging (8)
Scrolls
 a - a scroll of amnesia
 f - a scroll of torment
 k - 2 scrolls of poison
 w - a scroll of enchant weapon
 x - a scroll of vulnerability
 E - 3 scrolls of enchant armour
Potions
 b - 2 potions of magic
 d - a potion of degeneration
 e - a potion of berserk rage
 l - a potion of curing
 m - 5 potions of might
 p - 2 potions of mutation
 r - 2 potions of haste
 z - a potion of enlightenment
 B - a potion of lignification
Miscellaneous
 s - a phantom mirror


   Skills:
 + Level 8.0 Fighting
 + Level 11.4(13.2) Dodging
 - Level 4.0(5.6) Stealth
 + Level 11.5 Spellcasting
 - Level 8.0(9.8) Conjurations
 - Level 5.0(6.7) Hexes
 - Level 7.4(11.7) Summonings
 - Level 5.0(6.7) Translocations
 - Level 8.4(12.0) Earth Magic


You had 7 spell levels left.
You knew the following spells:

 Your Spells              Type           Power      Damage    Failure   Level
a - Magic Dart            Conj           100%       1d8       1%          1
b - Searing Ray           Conj           100%       2d8       1%          2
c - Fulminant Prism       Conj/Hex       33%        3d16      1%          4
d - Iskenderun's Mystic   Conj/Tloc      66%        2d14      1%          4
e - Summon Forest         Summ/Tloc      35%        N/A       1%          5
f - Bombard               Conj/Erth      38%        9d7       2%          6
g - Lee's Rapid Deconstr  Erth           40%        3d20*     1%          5

Your spell library contained the following spells:

 Spells                   Type           Power      Damage    Failure   Level
 Necrotise                Necr           92%        1d8       1%          1
 Ensorcelled Hibernation  Hex/Ice        88%        N/A       1%          2
 Passwall                 Tmut/Erth      47%        N/A       1%          2
 Dazzling Flash           Conj/Hex       100%       N/A       1%          3
 Leda's Liquefaction      Hex/Erth       35%        N/A       1%          4
 Ozocubu's Armour         Ice            23%        N/A       4%          3
 Swiftness                Air            23%        N/A       4%          3
 Vampiric Draining        Necr           23%        2d7       4%          3
 Silence                  Hex/Air        22%        N/A       11%         5
 Summon Hydra             Summ           39%        N/A       12%         7
 Agony                    Necr           23%        N/A       32%         5
 Eringya's Noxious Bog    Tmut/Pois      10%        4d6       89%         6
 Ozocubu's Refrigeration  Ice            11%        4d10      100%        7


Dungeon Overview and Level Annotations

Branches:
Dungeon (10/15)            Temple (1/1) D:6            Lair (2/5) D:10
  Swamp (0/4) Lair:2
  Snake: Lair:2-3    Spider: Lair:2-3       Orc: D:9-12

Altars:
Ashenzari
Cheibriados
Dithmenos
Elyvilon
Fedhas
Gozag
Hepliaklqana
Kikubaaqudgha
Makhleb
Nemelex Xobeh
Okawaru
Qazlal
Ru
Sif Muna
Trog
Uskayaw
Vehumet
Wu Jian
Xom
Yredelemnul
Zin
The Shining One

Annotations:
D:4 Sigmund
Temple 2 transporters


Message History

The elephant completely misses you.
The elephant is engulfed in poison gas.
The elephant is poisoned.
You feel better.
You are engulfed in poison gas.
You are poisoned.
* * * LOW HITPOINT WARNING * * *
x2 You feel very sick.
The elephant is poisoned.
The elephant barely misses you. The elephant misses you.
The elephant is engulfed in poison gas.
The elephant looks even sicker.
Unknown command.
You feel better.
You are engulfed in poison gas.
You are poisoned.
* * * LOW HITPOINT WARNING * * *
You feel very sick.
The elephant is engulfed in poison gas.
The elephant looks even sicker.
The elephant barely misses you. The elephant misses you.
The elephant is engulfed in poison gas.
The elephant looks even sicker.
The elephant closely misses you.
The elephant trunk-slaps you but does no damage.
The six-headed hydra barely misses you. The six-headed hydra misses you.
The six-headed hydra bites you.
* * * LOW HITPOINT WARNING * * *
The six-headed hydra closely misses you.
The six-headed hydra misses you.
The six-headed hydra completely misses you.
Unknown command.
Unknown command.
You feel better.
You are engulfed in poison gas.
You are lethally poisoned!
* * * LOW HITPOINT WARNING * * *
x2 You feel very sick.
The elephant is engulfed in poison gas.
The elephant looks as sick as possible!
The elephant misses you.
The elephant trunk-slaps you but does no damage.
The elephant is engulfed in poison gas.
The elephant looks even sicker.
The elephant completely misses you. The elephant trunk-slaps you.
* * * LOW HITPOINT WARNING * * *
The six-headed hydra barely misses you. The six-headed hydra misses you. x2
The six-headed hydra barely misses you. x2; The six-headed hydra bites you!
You die...

##......# *
#§.§.P.## *
#**######§P<.##
***#.##.#§##§#§##
*#.#.....§§##§.#
,.........§§§§§##
,#........##÷.§§###
,.†......####§.YD§#
,†..##...# ##§Y@§##
*#.*.....#*
#§§#§#§#
,**##<....*
#§.#####
****#...##* ##.#
,,*,..##* #..#
*,,#.#**######.#
,*,*,*,*#..Y.#.##
,,*#....Y†P#
,,...{#.#.##


You could see a six-headed hydra and 2 elephants.

Vanquished Creatures
  A two-headed ogre (D:10)
  A death yak (D:10)
  Pikel (D:5)
  3 black mambas
  An elephant (Lair:2)
  2 torpor snails (Lair:1)
  4 cane toads
  2 unseen horrors (D:10)
  A rime drake (Lair:2)
  2 komodo dragons
  Psyche (D:9)
  Jeremiah (D:9)
  A polar bear (Lair:1)
  2 hornets
  A tyrant leech (Lair:2)
  2 dream sheep (Lair:1)
  A vampire (D:10)
  A basilisk (Lair:2)
  3 wyverns (D:10)
  28 yaks
  3 steam dragons
  8 water moccasins
  4 ice beasts
  3 orc warriors
  2 black bears (D:10)
  9 wolves
  A centaur (D:7)
  A kobold brigand (D:7)
  Blork the orc (D:5)
  2 scorpions
  10 bullfrogs
  A gnoll sergeant (D:10)
  12 wights
  14 killer bees
  4 howler monkeys
  2 gnoll boudas
  3 jellies
  11 orc priests
  2 hounds (D:4)
  3 sleepcaps
  Jessica (D:2)
  8 iguanas
  8 orc wizards
  12 gnolls
  5 adders
  3 shadow imps
  2 white imps
  A worm (D:2)
  2 dart slugs
  34 orcs
  8 ball pythons
  4 bats
  5 endoplasms
  4 giant cockroaches
  5 goblins
  6 hobgoblins
  4 jackals (D:5)
  2 quokkas
  5 frilled lizards
  11 kobolds
  3 rats
288 creatures vanquished.

Vanquished Creatures (collateral kills)
  A cyclops (D:9)
  5 yaks (D:10)
6 creatures vanquished.

Vanquished Creatures (others)
  An orc wizard (D:7)
  69 fulminant prisms
70 creatures vanquished.

Grand Total: 364 creatures vanquished

Notes
Turn   | Place    | Note
-------+----------+-------------------------------------------
     0 | D:1      | Aldia the Deep Elf Conjurer began the quest for the Orb.
     0 | D:1      | Reached XP level 1. HP: 10/10 MP: 6/6
   170 | D:1      | Reached XP level 2. HP: 16/16 MP: 5/8
   173 | D:1      | Learned a level 2 spell: Searing Ray
   963 | D:2      | Noticed Jessica
   965 | D:2      | Killed Jessica
   966 | D:2      | Reached skill level 1 in Fighting
   966 | D:2      | Reached skill level 5 in Conjurations
   966 | D:2      | Reached XP level 3. HP: 20/20 MP: 7/10
  1150 | D:2      | Reached XP level 4. HP: 19/25 MP: 7/11
  1156 | D:2      | Identified the +0 leather armour of Grace {Int+5}
  1458 | D:2      | Found a faded altar of an unknown god.
  1683 | D:3      | Learned a level 4 spell: Fulminant Prism
  2522 | D:4      | Reached skill level 1 in Hexes
  2522 | D:4      | Reached XP level 5. HP: 15/29 MP: 4/13
  2640 | D:4      | Learned a level 4 spell: Iskenderun's Mystic Blast
  2783 | D:4      | Reached XP level 6. HP: 28/35 MP: 4/14
  2873 | D:4      | Noticed Sigmund
  3651 | D:5      | Entered Level 5 of the Dungeon
  3671 | D:5      | Found a hide-covered altar of Uskayaw.
  3991 | D:5      | Found a broken altar of Ashenzari.
  4012 | D:5      | Reached skill level 5 in Spellcasting
  4307 | D:5      | Noticed Blork the orc
  4323 | D:5      | Killed Blork the orc
  4324 | D:5      | Reached XP level 7. HP: 12/40 MP: 2/16
  4420 | D:5      | Became a worshipper of Ashenzari the Shackled
  4437 | D:5      | Found a stormy altar of Qazlal.
  4526 | D:5      | Found an ancient bone altar of Kikubaaqudgha.
  4597 | D:5      | Noticed Pikel
  4695 | D:5      | Killed Pikel
  4696 | D:5      | Reached XP level 8. HP: 46/46 MP: 6/19
  4922 | D:5      | Reached skill level 5 in Dodging
  5089 | D:5      | Noticed a hornet
  5095 | D:5      | Killed a hornet
  5096 | D:5      | Reached skill level 5 in Hexes
  5096 | D:5      | Reached skill level 1 in Translocations
  6113 | D:6      | Found a staircase to the Ecumenical Temple.
  6122 | Temple   | Found a transporter.
  6122 | Temple   | Found a transporter.
  6122 | Temple   | Found a transporter.
  6122 | Temple   | Found a transporter.
  6122 | Temple   | Entered the Ecumenical Temple
  6893 | D:7      | Reached XP level 9. HP: 37/52 MP: 9/21
  6899 | D:7      | Learned a level 5 spell: Summon Forest
  6962 | D:5      | Reached * piety under Ashenzari
  7209 | D:7      | Reached skill level 1 in Summonings
  7850 | D:7      | HP: 2/52 [something] (6)]
  8312 | D:7      | Reached skill level 5 in Fighting
  8489 | D:7      | Reached ** piety under Ashenzari
  9054 | D:8      | Reached skill level 5 in Translocations
  9502 | D:8      | Reached XP level 10. HP: 59/59 MP: 8/23
  9505 | D:8      | Reached skill level 5 in Summonings
 10590 | D:8      | Found a glowing golden altar of the Shining One.
 10595 | D:8      | Found an iron altar of Okawaru.
 10788 | D:9      | Noticed Jeremiah
 10805 | D:9      | Killed Jeremiah
 11003 | D:9      | Noticed Psyche
 11011 | D:9      | Killed Psyche
 11012 | D:9      | Noticed a cyclops
 11162 | D:9      | You fall into a shaft and drop 1 floor!
 11162 | D:10     | Entered Level 10 of the Dungeon
 11207 | D:9      | Learned a level 6 spell: Bombard
 11296 | D:9      | Reached *** piety under Ashenzari
 11320 | D:9      | Reached skill level 1 in Earth Magic
 11588 | D:9      | Killed a cyclops
 11589 | D:9      | Reached XP level 11. HP: 65/65 MP: 16/26
 12426 | D:10     | Found a glowing silver altar of Zin.
 12534 | D:10     | Noticed a two-headed ogre
 12557 | D:10     | Killed a two-headed ogre
 13008 | D:10     | Paralysed by a hornet for 1 turns
 13014 | D:10     | Reached skill level 10 in Dodging
 13161 | D:10     | Reached skill level 5 in Earth Magic
 13165 | D:10     | Reached skill level 10 in Spellcasting
 13461 | D:10     | Found a staircase to the Lair.
 13525 | D:10     | Reached **** piety under Ashenzari
 13604 | Lair:1   | Entered Level 1 of the Lair of Beasts
 13611 | Lair:1   | Learned a level 5 spell: Lee's Rapid Deconstruction
 13672 | Lair:1   | Found a blossoming altar of Fedhas.
 13943 | Lair:1   | Noticed a death yak
 13981 | D:10     | Killed a death yak
 14462 | Lair:1   | Reached XP level 12. HP: 72/72 MP: 19/28
 16362 | Lair:2   | Noticed a six-headed hydra
 16369 | Lair:2   | Mangled by a six-headed hydra

Illustrated notes

Levels and vault maps discovered:
D:1:      dpeg_arrival_water_temple_mockup, layout_basic, dk_noncrumbling_4,
          due_unseen_surprise
D:2:      layout_rooms, shapermc_ecumenical_altar_petra, st_stairs_8,
          uniq_jessica
D:3:      layout_rooms, minmay_liquid_box, amcnicky_mini_corridor_feature
D:4:      minmay_wonky_spiral, layout_cave_pods, small_statue_alley_b,
          nicolae_letterblocks [nicolae_letter_subblock,
          nicolae_letter_subblock, nicolae_letter_subblock,
          nicolae_letter_subblock, nicolae_letter_subblock,
          nicolae_letter_subblock, nicolae_letter_subblock,
          nicolae_letter_subblock, nicolae_letter_subblock,
          nicolae_letter_subblock, nicolae_letter_subblock,
          nicolae_letter_subblock, nicolae_letter_subblock,
          nicolae_letter_subblock, nicolae_letter_subblock,
          nicolae_letter_subblock, nicolae_letter_subblock,
          nicolae_letter_subblock, nicolae_letter_subblock,
          nicolae_letter_subblock, nicolae_letter_subblock,
          nicolae_letter_subblock, nicolae_letter_subblock,
          nicolae_letter_subblock, nicolae_letter_subblock], uniq_sigmund
D:5:      layout_basic, nicolae_overflow_quartered_altars,
          nicolae_ossuary_entry_false_entrances, kennysheep_generic_room_3,
          uniq_pikel, uniq_blork_the_orc
D:6:      layout_basic, temple_statues
D:7:      cheibrodos_steamvent, layout_cave_pools, serial_rivers,
          chequers_serial_rivers_micro_a, chequers_serial_rivers_room_a,
          chequers_serial_rivers_micro_c, chequers_serial_rivers_micro_e,
          chequers_serial_rivers_micro_a, serial_bayou_pond_e,
          hangedman_decor_points, minivault_5
D:8:      layout_cave_pools, minitemple, kennysheep_minor_cross, minivault_24
D:9:      layout_cave_pods, uniq_jeremiah, uniq_psyche
D:10:     layout_roguey, zin_scriptorium, minmay_lair_entry_grove
Temple:   hellmonk_temple_divided_pantheon
Lair:1:   layout_cave_pods, basic_altar
Lair:2:   cheibrodos_lair_overgrown_chateau, layout_misc_corridors,
          minmay_swamp_entry_worms

Skill      XL: |  1  2  3  4  5  6  7  8  9 10 11 12 |
---------------+-------------------------------------+-----
Fighting       | 1 2 3 4 5 6 7 8 |  8.0
Stealth        | 3 4 |  4.0
Conjurations   | 5 6 7 8 |  8.0
Dodging        | 3 4 6 7 9 10 11 | 11.4
Spellcasting   | 4 5 6 7 9 10 11 | 11.5
Hexes          | 1 3 4 5 |  5.0
Translocations | 3 5 |  5.0
Summonings     | 4 7 |  7.4
Earth Magic    | 1 7 8 |  8.4

Action                     |  1- 3 |  4- 6 |  7- 9 | 10-12 || total
---------------------------+-------+-------+-------+-------++-------
  Melee: Dagger            |       |     3 |     1 |    58 ||    62
         Punch             |       |       |       |     1 ||     1
   Cast: Magic Dart        |    48 |   122 |   205 |   193 ||   568
         Searing Ray       |       |     9 |    12 |    12 ||    33
         Fulminant Prism   |       |     2 |    22 |    45 ||    69
         Iskenderun's Myst |       |     1 |    15 |    43 ||    59
         Summon Forest     |       |       |       |     3 ||     3
         Lee's Rapid Decon |       |       |       |    31 ||    31
         Bombard           |       |       |       |    12 ||    12
 Invoke: Curse Item        |       |       |     3 |     4 ||     7
  Evoke: Wand              |       |       |     1 |     2 ||     3
    Use: Scroll            |       |    10 |     6 |     8 ||    24
         Potion            |       |       |     2 |     5 ||     7
 Armour: Robe              |     6 |     2 |       |       ||     8
         Leather armour    |       |    28 |    44 |    78 ||   150
  Dodge: Dodged            |     2 |    31 |    55 |   164 ||   252

Table legend: (Time is in decaauts)
 A = Elapsed time spent in this place.
 B = Non-inter-level travel time spent in this place.
 C = Inter-level travel time spent in this place.
 D = Time resting spent in this place.
 E = Time spent auto-exploring this place.
 F = Levels seen in this place.
 G = Mean time per level.
                   A        B        C        D        E       F      G
               +--------+--------+--------+--------+--------+-----+--------+
         Total |  16375 |  14996 |   1379 |   1587 |  11067 |  13 | 1259.6 |
       Dungeon |  13894 |  12600 |   1294 |   1248 |   9309 |  10 | 1389.4 |
        Temple |      1 |      1 |      0 |      0 |      0 |   1 |    1.0 |
          Lair |   2479 |   2394 |     85 |    339 |   1758 |   2 | 1239.5 |
               +--------+--------+--------+--------+--------+-----+--------+

Top non-repeatable levels by time:
  Lair:1: 2298 daAuts
     D:6: 2067 daAuts
     D:7: 1788 daAuts
     D:5: 1759 daAuts
    D:10: 1715 daAuts
     D:8: 1428 daAuts
     D:4: 1319 daAuts
     D:9: 1231 daAuts
     D:2: 925 daAuts
     D:1: 916 daAuts
     D:3: 743 daAuts
  Lair:2: 181 daAuts
  Temple: 1 daAuts
